 Dungeon Crawl Stone Soup version 0.21.1-1-g345015fe64 (webtiles) character file.

137 Jens78 the Chopper (level 5, -4/49 HPs)
             Began as a Deep Dwarf Fighter on June 15, 2018.
             Slain by Gedi's ghost (8 damage)
             ... on level 3 of the Dungeon on June 16, 2018.
             The game lasted 00:07:28 (1513 turns).

Jens78 the Chopper (Deep Dwarf Fighter)             Turns: 1513, Time: 00:07:30

Health: -4/49      AC:  7    Str: 20    XL:     5   Next: 0%
Magic:  5/5        EV:  7    Int:  9    God:
Gold:   84         SH:  9    Dex: 12    Spells: 4/4 levels left

rFire    + . .     SeeInvis .   m - -2 morningstar (curse)
rCold    x . .     Gourm    .   c - +0 shield
rNeg     . . .     Faith    .   b - +0 scale mail
rPois    .         Spirit   .   (no helmet)
rElec    .         Reflect  .   (no cloak)
rCorr    .         Harm     .   (no gloves)
MR       .....                  (no boots)
Stlth    ..........             (no amulet)
HPRegen  0.00/turn              j - ring of fire
MPRegen  0.09/turn              (no ring)

@: non-regenerating
A: damage resistance, heal wounds, sense surroundings 1, no regeneration
a: Heal Wounds


You were on level 3 of the Dungeon.
You were not hungry.

You visited 1 branch of the dungeon, and saw 3 of its levels.

You collected 84 gold pieces.

Inventory:

Hand Weapons
 a - a +1 war axe
 m - a cursed -2 morningstar (weapon)
Armour
 b - a +0 scale mail (worn)
 c - a +0 shield (worn)
Jewellery
 j - a ring of fire (left hand)
Scrolls
 k - a scroll of identify
Potions
 d - a potion of might
 g - a potion of degeneration {unknown}
 l - a potion of flight {unknown}
 o - a potion of lignification {unknown}
 r - 3 potions of curing
 s - a potion of invisibility {unknown}
Comestibles
 f - 7 rations
 p - 2 chunks of flesh


   Skills:
 + Level 3.0 Fighting
 * Level 4.3 Axes
 + Level 4.0 Armour
 + Level 4.0 Shields


You had 4 spell levels left.
You didn't know any spells.

Dungeon Overview and Level Annotations

Branches:
Dungeon (3/15)

Altars:

Annotations:
D:3 Gedi's ghost, amateur MiAK


Innate Abilities, Weirdness & Mutations

You are resistant to damage.
You can heal yourself by infusing magical energy.
You passively map a small area around you.
You do not regenerate.


Message History

Found a stone staircase leading down.
Gedi's ghost (amateur Minotaur Abyssal Knight) comes into view.
It is wielding a weapon of electrocution.
Press: ? - help, v - describe, . - travel A stone staircase leading down.
Gedi's ghost turns its malevolent gaze towards you.
Found 8 gold pieces.
Gedi's ghost hits you but does no damage.
You are electrocuted!
* * * LOW HITPOINT WARNING * * *
Found a stone staircase leading up.
You barely miss Gedi's ghost.
Gedi's ghost hits you but does no damage.
You puncture Gedi's ghost!
Gedi's ghost is lightly damaged.
Gedi's ghost hits you!
* * * LOW HITPOINT WARNING * * *
Gedi's ghost wails, "You must not fail where I succeeded!"
Gedi's ghost hits you but does no damage.
You are electrocuted!
You die...

... , ,* #.. ,
* ,* #.# , #.#
, * #.# * , #.#
* *#### , , #<#
, ..... * ,
#.#######[....#
, *,
#......@W...$.#
#########..>..#
* ,....# * *
*<##. * *,# * ,
* , * * * *


You could see Gedi's ghost.

Vanquished Creatures
  A sky beast (D:2)
  An adder (D:2)
  A dart slug (D:1)
  A bat (D:1)
  3 giant cockroaches
  3 goblins
  6 hobgoblins
  3 ball pythons
  6 frilled lizards
  4 kobolds
  6 rats
35 creatures vanquished.

Notes
Turn   | Place    | Note
-------+----------+-------------------------------------------
     0 | D:1      | Jens78 the Deep Dwarf Fighter began the quest for the Orb.
     0 | D:1      | Reached XP level 1. HP: 20/20 MP: 1/1
   183 | D:1      | Reached XP level 2. HP: 27/27 MP: 2/2
   979 | D:2      | Reached XP level 3. HP: 23/33 MP: 3/3
  1330 | D:2      | Noticed a sky beast
  1337 | D:2      | Killed a sky beast
  1337 | D:2      | Reached XP level 4. HP: 16/42 MP: 4/4
  1368 | D:2      | Reached XP level 5. HP: 19/49 MP: 5/5
  1509 | D:3      | Noticed Gedi's ghost (amateur MiAK)
  1513 | D:3      | Slain by Gedi's ghost

Skill      XL: |  1  2  3 |
---------------+----------+-----
Axes           | 3 4 |  4.3
Fighting       | 3 |  3.0
Armour         | 4 |  4.0
Shields        | 4 |  4.0

Action                   |  1- 3 |  4- 6 || total
-------------------------+-------+-------++-------
Melee: War axe           |    95 |     4 ||    99
       Morningstar       |       |     2 ||     2
  Use: Scroll            |       |     5 ||     5
  Eat: Chunk             |     1 |     1 ||     2
Armor: Scale mail        |    36 |     5 ||    41
Dodge: Dodged            |    29 |     2 ||    31
Block: Shield            |    52 |     2 ||    54
